 Dungeon Crawl Stone Soup version 0.24.0-37-gcf1ca852f1 (webtiles) character file.

Game seed: 14973713298114746557, levelgen mode: deterministic

150 PentaManta the Ducker (level 5, -1/36 HPs)
             Began as a Halfling Berserker on Dec 5, 2019.
             Was a Believer of Trog.
             Killed from afar by an orc wizard (3 damage)
             ... with a puff of frost
             ... on level 3 of the Dungeon.
             The game lasted 00:06:40 (2802 turns).

PentaManta the Ducker (Halfling Berserker)          Turns: 2802, Time: 00:06:41

Health: -1/36      AC: 11    Str: 19    XL:     5   Next: 58%
Magic:  5/5        EV: 11    Int:  5    God:    Trog [**....]
Gold:   215        SH:  0    Dex: 14    Spells: 4/4 levels left

rFire    . . .     SeeInvis .   l - +0 hunting sling
rCold    + . .     Gourm    .   (shield restricted)
rNeg     . . .     Faith    .   s - +1 chain mail {rC+}
rPois    .         Spirit   .   d - +0 helmet
rElec    .         Reflect  .   f - scarf {cloud immunity}
rCorr    .         Harm     .   (no gloves)
MR       .....                  (no boots)
Stlth    ..........             (no amulet)
HPRegen  0.12/turn              (no ring)
MPRegen  0.09/turn              (no ring)

@: no status effects
A: small, mutation resistance 1
a: Berserk, Trog's Hand, Renounce Religion


You were on level 3 of the Dungeon.
You worshipped Trog.
Trog was pleased with you.
You were not hungry.

You visited 1 branch of the dungeon, and saw 4 of its levels.

You collected 215 gold pieces.

Inventory:

Hand Weapons
 a - a +0 falchion
 g - a +0 dagger
 l - a +0 hunting sling (weapon)
 n - a +1 whip of electrocution
 t - a +1 dagger of draining
Missiles
 o - 48 stones (quivered)
Armour
 d - a +0 helmet (worn)
 f - a scarf of cloud immunity (worn)
 s - a +1 chain mail of cold resistance (worn)
Jewellery
 i - an uncursed ring of protection from magic {unknown}
Wands
 v - a wand of flame (26)
Scrolls
 b - 2 scrolls of identify {unknown}
 e - 2 scrolls of remove curse {unknown}
 k - a scroll of blinking {unknown}
 m - a scroll of amnesia {unknown}
 p - 2 scrolls of magic mapping {unknown}
Potions
 h - 2 potions of lignification {unknown}
 j - 2 potions of heal wounds {unknown}
 q - a potion of agility {unknown}
 r - 2 potions of might {unknown}
 u - a potion of ambrosia {unknown}
 w - a potion of resistance {unknown}
Comestibles
 c - 6 rations
 x - 2 chunks of flesh


   Skills:
 - Level 3.0 Fighting
 - Level 3.3 Long Blades
 + Level 3.1 Slings
 + Level 3.6 Armour
 + Level 3.7 Dodging


You had 4 spell levels left.
You didn't know any spells.
Your spell library was empty.

Dungeon Overview and Level Annotations

Branches:
Dungeon (4/15)
 Temple: D:4-7

Altars:
Sif Muna
Xom


Innate Abilities, Weirdness & Mutations

You are small and have problems with some larger weapons.
You are somewhat resistant to further mutation.


Message History

Firing (i - inventory)
o - 50 stones (quivered)
Press: ? - help, Shift-Dir - straight line, f/p - orc wizard
Aim: an orc wizard, wielding a +0 dagger and wearing a +0 robe (lightly wounded, fast)
You shoot a stone. The stone hits the orc wizard.
The orc wizard is moderately wounded.
The orc wizard points at you and mumbles some strange words.
The magic dart hits you!
* * * LOW HITPOINT WARNING * * *
The orc wizard hits you but does no damage.
Firing (i - inventory)
o - 49 stones (quivered)
Press: ? - help, Shift-Dir - straight line, f/p - orc wizard
Aim: an orc wizard, wielding a +0 dagger and wearing a +0 robe (moderately wounded, fast)
You shoot a stone.
The stone closely misses the orc wizard.
The orc wizard points at you and mumbles some strange words.
The puff of flame hits you.
* * * LOW HITPOINT WARNING * * *
The orc wizard casts a spell at you. The puff of frost hits you. You resist.
You die...

#.##.#
#..#.#
##.#.# #.#.#
#.#.# #...#
##..#
#..#########
#.@o.....(.#
##########.#
#...########
#.#........)
#.#.########
#.#......# #
#.######.# #
#.)....#.# #
######.#.# #


You could see an orc wizard.

Vanquished Creatures
  6 adders
  3 worms
  A dart slug (D:2)
  2 leopard geckos
  12 orcs
  5 giant cockroaches
  10 goblins
  4 hobgoblins (D:3)
  6 jackals (D:2)
  A quokka (D:3)
  4 bats
  6 frilled lizards
  7 kobolds
  3 rats
70 creatures vanquished.

Notes
Turn   | Place    | Note
-------+----------+-------------------------------------------
     0 | D:1      | PentaManta the Halfling Berserker began the quest for the
                  | Orb.
     0 | D:1      | Reached XP level 1. HP: 15/15 MP: 1/1
   411 | D:1      | Reached XP level 2. HP: 20/20 MP: 2/2
   892 | D:2      | Found a shimmering blue altar of Sif Muna.
   900 | D:2      | Reached XP level 3. HP: 18/26 MP: 3/3
  1460 | D:2      | Reached ** piety under Trog
  1642 | D:2      | Reached skill level 1 in Slings
  1676 | D:2      | Reached XP level 4. HP: 27/31 MP: 4/4
  1945 | D:2      | Found a shimmering altar of Xom.
  2403 | D:3      | Reached XP level 5. HP: 36/36 MP: 5/5
  2802 | D:3      | Killed from afar by an orc wizard

Levels and vault maps discovered:
D:1:      dpeg_arrival_leaves_temple_mockup, layout_loops_ring
D:2:      layout_loops_ring, old_standard_altar, old_standard_altar,
          first_ration
D:3:      layout_basic
D:4:      layout_rooms, kennysheep_little_box, serial_shops, shop_statue,
          uniq_duvessa, uniq_sigmund, uniq_grinder

Skill      XL: |  1  2  3  4  5 |
---------------+----------------+-----
Fighting       | 3 |  3.0
Slings         | 1 2 3 |  3.1
Dodging        | 3 |  3.7
Armour         | 3 |  3.6
Long Blades    | |  3.3

Action                   |  1- 3 |  4- 6 || total
-------------------------+-------+-------++-------
Melee: Falchion          |    44 |       ||    44
       Dagger            |    10 |       ||    10
       Whip              |     1 |       ||     1
 Fire: Hunting sling     |    40 |   182 ||   222
Invok: Berserk           |     1 |       ||     1
 Stab: Sleeping          |     1 |       ||     1
  Eat: Ration            |     1 |       ||     1
       Chunk             |       |     3 ||     3
Armor: Animal skin       |    16 |     2 ||    18
       Chain mail        |       |    27 ||    27
Dodge: Dodged            |    61 |    60 ||   121
       Rpst.: Falchion   |    10 |       ||    10
